 Dungeon Crawl Stone Soup version 0.28-a0-1286-g6bde065e89 (webtiles) character file.

Game seed: 3217517535997254551

5973 browni3141 the Basher (level 11, -2/89 HPs)
             Began as a Formicid Gladiator on Dec 27, 2021.
             Was a Believer of Okawaru.
             Slain by a two-headed ogre (18 damage)
             ... on level 9 of the Dungeon.
             The game lasted 00:18:42 (11871 turns).

browni3141 the Basher (Formicid Gladiator)         Turns: 11871, Time: 00:18:43

Health: -2/89      AC: 12    Str: 23    XL:     11   Next: 10%
Magic:  11/11      EV: 10    Int:  8    God:    Okawaru [**....]
Gold:   311        SH:  5    Dex: 12    Spells: 10/10 levels left

rFire   . . .      SeeInvis +   V - +6 flail (holy)
rCold   . . .      Faith    .   (no shield)
rNeg    . . .      Spirit   .   Q - +3 scale mail {Will+}
rPois   .          Reflect  +   (helmet unavailable)
rElec   .          Harm     .   w - +0 cloak {Will+}
rCorr   .          Rampage  .   K - +0 pair of gloves
Will    +++..                   i - +0 pair of boots
Stlth   ++........              s - amulet of reflection
HPRegen 0.24/turn               (no ring)
MPRegen 0.12/turn               (no ring)

@: no status effects
A: permanent stasis, dig shafts and tunnels, antennae 3, four strong arms
a: Dig, Shaft Self, Renounce Religion, Heroism


You were on level 9 of the Dungeon.
You worshipped Okawaru.
Okawaru was pleased with you.
You visited 2 branches of the dungeon, and saw 10 of its levels.
You also visited: Ossuary.

You collected 515 gold pieces.
You spent 204 gold pieces at shops.

Inventory:

Hand Weapons
 a - a +2 whip of electrocution
 b - a +0 hunting sling
 p - a +0 flail
 V - a +6 flail of holy wrath (weapon)
Missiles
 c - 3 throwing nets
 h - 75 bolts
 l - 261 stones
 x - 11 poisoned darts
Armour
 i - a +0 pair of boots (worn)
 j - a +0 leather armour
 t - a +3 scale mail
 w - a +0 cloak of willpower (worn)
 I - +0 swamp dragon scales
 K - a +0 pair of gloves (worn)
 Q - a +3 scale mail of willpower (worn)
Jewellery
 s - an amulet of reflection (around neck)
 F - a ring of protection from cold
Wands
 r - a wand of digging (2)
 E - a wand of acid (8)
 J - a wand of paralysis (9)
 W - a wand of iceblast (5)
Scrolls
 f - a scroll of silence
 g - 4 scrolls of noise
 k - 2 scrolls of immolation
 n - a scroll of fear
 q - 5 scrolls of teleportation
 u - a scroll of blinking
 v - 2 scrolls of magic mapping
 y - a scroll of torment {unknown}
 D - a scroll of brand weapon {unknown}
 G - 3 scrolls of holy word {unknown}
 M - 2 scrolls of amnesia {unknown}
 O - 3 scrolls of enchant weapon {unknown}
 S - a scroll of vulnerability {unknown}
 T - a scroll of identify
Potions
 d - 2 potions of might
 e - 5 potions of brilliance
 o - 3 potions of lignification
 z - 2 potions of haste {unknown}
 A - a potion of mutation {unknown}
 B - a potion of cancellation {unknown}
 C - 3 potions of heal wounds {unknown}
 H - 4 potions of curing {unknown}
 L - 3 potions of degeneration {unknown}
 P - 2 potions of invisibility {unknown}
 R - a potion of flight {unknown}
 U - 2 potions of attraction {unknown}
Miscellaneous
 N - a box of beasts (quivered)


   Skills:
 + Level 9.5 Fighting
 * Level 13.0 Maces & Flails
 - Level 2.0 Throwing
 - Level 2.6 Dodging
 - Level 6.0 Stealth


You had 10 spell levels left.
You didn't know any spells.
Your spell library contained the following spells:

 Spells                   Type           Power      Damage    Failure   Level
 Freeze                   Ice            0%         1d3       75%         1
 Sandblast                Erth           0%         2d4       75%         1
 Passwall                 Tmut/Erth      0%         N/A       87%         2
 Frozen Ramparts          Ice            0%         1d2       98%         3
 Gell's Gravitas          Tloc           0%         N/A       98%         3
 Stone Arrow              Conj/Erth      0%         3d7       98%         3
 Teleport Other           Tloc           0%         N/A       98%         3
 Hailstorm                Conj/Ice       0%         3d3       100%        4
 Ice Form                 Ice/Tmut       0%         N/A       100%        4
 Dispersal                Tloc           0%         N/A       100%        6
 Summon Ice Beast         Ice/Summ       Unusable   N/A       N/A         4

Dungeon Overview and Level Annotations

Branches:
Dungeon (9/15)             Temple (1/1) D:5         Ossuary (visited)
   Lair: D:8-11         Orc: D:9-12

Altars:
Cheibriados
Dithmenos
Elyvilon
Fedhas
Gozag
Hepliaklqana
Kikubaaqudgha
Makhleb
Nemelex Xobeh
Okawaru
Qazlal
Ru
Sif Muna
Uskayaw
Vehumet
Wu Jian
Xom
Yredelemnul
Zin
The Shining One

Shops:
D:4 [   D:5 ([*


Innate Abilities, Weirdness & Mutations

You cannot be hasted, slowed, berserked, paralysed or teleported.
You can dig through walls and to a lower floor.
You have a pair of large antennae on your head. (SInv)
Your four strong arms can wield two-handed weapons with a shield.


Message History

Press: ? - help, Shift-Dir - straight line, f - two-headed ogre
Aim: a two-headed ogre, wielding two +0 giant spiked clubs (86% to hit)
The bolt of acid hits the two-headed ogre!
The two-headed ogre is lightly wounded.
Unknown command.
Aiming: Corrosive Bolt
Press: ? - help, Shift-Dir - straight line, f/p - two-headed ogre
Aim: a two-headed ogre, wielding two +0 giant spiked clubs (lightly wounded, 86% to hit)
The bolt of acid hits the two-headed ogre!
The acid corrodes the two-headed ogre!
The two-headed ogre is moderately wounded.
You fail to use your ability.
You barely miss the two-headed ogre.
The two-headed ogre is moderately wounded.
The two-headed ogre hits you with a +0 giant spiked club!!
The two-headed ogre barely misses you.
You sock the two-headed ogre!
The two-headed ogre is heavily wounded.
You hit the two-headed ogre.
The two-headed ogre is heavily wounded.
You block the two-headed ogre's attack.
The two-headed ogre hits you with a +0 giant spiked club.
You thump the two-headed ogre!
The two-headed ogre is severely wounded.
The two-headed ogre hits you with a +0 giant spiked club!
The two-headed ogre hits you with a +0 giant spiked club.
You completely miss the two-headed ogre.
The two-headed ogre is severely wounded.
You barely miss the two-headed ogre.
The two-headed ogre is severely wounded.
The two-headed ogre hits you with a +0 giant spiked club!
You block the two-headed ogre's attack.
You hit the two-headed ogre.
The two-headed ogre is severely wounded.
You sock the two-headed ogre!
The two-headed ogre is almost dead.
The two-headed ogre hits you with a +0 giant spiked club!
* * * LOW HITPOINT WARNING * * *
The two-headed ogre hits you with a +0 giant spiked club!!
You die...

.... #.#...#### ....#####
#.#......# #......######
#.#....#.#+#
..#...........####.#.........
.......#...........#.........
...........##..##............
...........##..##.......#....
.#.....#........@O...........
.......#.###########.........
.........# #....#####
...#.....# #....# ......##.#
#...... .........+ ########
.....##### .....# .....#
#################


You could see a two-headed ogre (corroded).

Vanquished Creatures
  Harold (D:7)
  Pikel (D:9)
  Maurice (D:8)
  Maggie (D:6)
  Psyche (D:9)
  Grinder (D:6)
  Prince Ribbit (D:4)
  Sigmund (D:5)
  Menkaure (D:5)
  Edmund (D:5)
  2 water moccasins
  A swamp drake (D:5)
  An orc warrior (D:9)
  2 ogres
  2 ice beasts (D:6)
  2 sky beasts (D:6)
  A necrophage (D:6)
  A tengu (D:8)
  2 phantoms
  3 centaurs
  2 lemures (D:9)
  An elf zombie (Ossuary)
  2 kobold brigands
  2 bullfrogs
  A scorpion (D:5)
  A water moccasin zombie (D:6)
  A water moccasin skeleton (D:5)
  4 howler monkeys
  7 wights (D:8)
  A centaur zombie (D:5)
  2 orc priests
  2 hounds (D:5)
  A human zombie (Ossuary)
  Ijyb (D:5)
  3 iguanas
  8 orc wizards
  A scorpion zombie (D:3)
  A killer bee zombie (D:7)
  2 hound zombies (Ossuary)
  4 mummies (Ossuary)
  Robin (D:2)
  A hound skeleton (D:5)
  A howler monkey skeleton (D:6)
  8 adders
  A shadow imp (D:7)
  An ufetubus (D:6)
  3 adder zombies (Ossuary)
  2 worms
  2 dart slugs
  23 orcs
  4 ball pythons
  6 bats
  5 endoplasms
  3 giant cockroaches
  A gnoll zombie (Ossuary)
  16 goblins
  10 hobgoblins
  5 jackals
  3 quokkas (D:3)
  6 frilled lizards
  A goblin zombie (Ossuary)
  A hobgoblin zombie (Ossuary)
  A jackal zombie (Ossuary)
  13 kobolds
  An orc zombie (Ossuary)
  8 rats
201 creatures vanquished.

Vanquished Creatures (others)
  An orc wizard (D:8)
  A plant (D:6)
2 creatures vanquished.

Grand Total: 203 creatures vanquished

Notes
Turn   | Place    | Note
-------+----------+-------------------------------------------
     0 | D:1      | browni3141 the Formicid Gladiator began the quest for the
                  | Orb.
     0 | D:1      | Reached XP level 1. HP: 16/16 MP: 1/1
   214 | D:1      | Reached XP level 2. HP: 21/22 MP: 2/2
   693 | D:1      | Reached skill level 4 in Maces & Flails
   693 | D:1      | Reached XP level 3. HP: 23/27 MP: 3/3
  1243 | D:2      | Noticed Robin
  1556 | D:2      | Killed Robin
  1557 | D:2      | Reached XP level 4. HP: 30/33 MP: 4/4
  1833 | D:2      | Reached skill level 5 in Maces & Flails
  2608 | D:3      | Reached XP level 5. HP: 37/38 MP: 5/5
  2691 | D:3      | Found a glowing golden altar of the Shining One.
  2734 | D:3      | Found a transporter.
  2863 | D:3      | Found a sparkling altar of Nemelex Xobeh.
  2870 | D:3      | Found a transporter.
  3113 | D:3      | Found a glowing silver altar of Zin.
  3396 | D:3      | Reached skill level 1 in Stealth
  3550 | D:3      | Reached XP level 6. HP: 31/46 MP: 6/6
  3698 | D:4      | Found a radiant altar of Vehumet.
  3816 | D:4      | Found Iguam's Armour Boutique.
  3826 | D:4      | Bought a +0 cloak of willpower for 138 gold pieces
  3922 | D:4      | Found a shimmering blue altar of Sif Muna.
  3930 | D:4      | Reached skill level 6 in Maces & Flails
  3988 | D:4      | Found a snail-covered altar of Cheibriados.
  4462 | D:4      | Found a white marble altar of Elyvilon.
  4582 | D:5      | Entered Level 5 of the Dungeon
  4666 | D:5      | Found Ybuic's Antique Weapon Boutique.
  4669 | D:5      | Reached XP level 7. HP: 47/52 MP: 7/7
  4700 | D:5      | Noticed Sigmund
  4708 | D:5      | Noticed Menkaure
  4711 | D:5      | Killed Sigmund
  4748 | D:4      | Reached skill level 7 in Maces & Flails
  4971 | D:5      | Found Wicunn's Assorted Antiques.
  5921 | D:3      | Reached XP level 8. HP: 29/61 MP: 8/8
  6128 | D:5      | Bought a scroll of identify for 66 gold pieces
  6175 | D:5      | Found a hide-covered altar of Uskayaw.
  6227 | D:5      | Noticed Ijyb
  6258 | D:5      | Killed Ijyb
  6319 | D:5      | Reached skill level 5 in Stealth
  6426 | D:5      | Reached skill level 5 in Fighting
  6689 | D:6      | Reached skill level 8 in Maces & Flails
  6737 | D:6      | Noticed Maggie
  6749 | D:6      | Killed Maggie
  6750 | D:6      | Reached skill level 9 in Maces & Flails
  6750 | D:6      | Reached XP level 9. HP: 37/69 MP: 9/9
  6990 | D:6      | Found a hazy altar of Hepliaklqana.
  7449 | D:6      | Reached skill level 10 in Maces & Flails
  7606 | D:6      | Noticed Grinder
  7615 | D:6      | Killed Grinder
  7775 | D:5      | Killed Menkaure
  7793 | D:5      | Identified the +1 robe of the Ward {Rampage *Corrode rC+
                  | Will+}
  7840 | D:5      | Noticed Prince Ribbit
  7896 | D:4      | Killed Prince Ribbit
  7897 | D:4      | Reached XP level 10. HP: 30/79 MP: 10/10
  8214 | D:5      | Found Hadwiuf's Armour Emporium.
  8305 | D:5      | Found a staircase to the Ecumenical Temple.
  8389 | Temple   | Entered the Ecumenical Temple
  8393 | Temple   | Became a worshipper of Warmaster Okawaru
  8631 | D:5      | Noticed Edmund
  8648 | D:5      | Killed Edmund
  8839 | D:7      | Found a sand-covered staircase.
  8859 | D:7      | Reached skill level 11 in Maces & Flails
  8917 | Ossuary  | Entered an ossuary
  9205 | D:7      | Noticed Harold
  9276 | D:7      | Found a blossoming altar of Fedhas.
  9751 | D:7      | Killed Harold
  9751 | D:7      | Reached * piety under Okawaru
  9948 | D:7      | Reached skill level 12 in Maces & Flails
 10134 | D:8      | Noticed Maurice
 10464 | D:8      | Reached ** piety under Okawaru
 10475 | D:8      | Killed Maurice
 11646 | D:9      | Noticed Pikel
 11685 | D:9      | Killed Pikel
 11686 | D:9      | Reached XP level 11. HP: 81/89 MP: 11/11
 11734 | D:9      | Noticed Psyche
 11742 | D:9      | Killed Psyche
 11743 | D:9      | Reached skill level 13 in Maces & Flails
 11853 | D:9      | Noticed a two-headed ogre
 11871 | D:9      | Slain by a two-headed ogre

Illustrated notes

Levels and vault maps discovered:
D:1:      saegor_arrival_fortress, layout_basic
D:2:      layout_basic, uniq_robin
D:3:      layout_basic, general_overflow_altar, zin_treasury,
          gammafunk_temple_overflow_arena
D:4:      layout_cave_pools, old_standard_altar,
          mainiacjoe_overflow_small_starburst,
          mainiacjoe_overflow_catch_the_wave, serial_shops,
          nicolae_shop_waterfront
D:5:      layout_cave_pools, mainiacjoe_overflow_concentric_impassable,
          minmay_temple_entry_enclosed_plants, serial_shops,
          nicolae_shop_crystal, nicolae_shop_stone, shop,
          kennysheep_nondescript, uniq_ijyb, uniq_prince_ribbit1, uniq_sigmund,
          uniq_edmund, uniq_menkaure
D:6:      layout_basic, nicolae_hepliaklqana_hazy_memory, uniq_grinder,
          uniq_maggie
D:7:      layout_rooms, kennysheep_mini, lightli_ossuary_entry_decrepit_ruins,
          uniq_harold
D:8:      layout_rooms, uniq_maurice
D:9:      layout_stronghold, trog_hazing_becter, dpeg_lair_monsters,
          uniq_psyche, uniq_erica, uniq_pikel
Temple:   compressed_dpeg_circular_temple

Skill      XL: |  1  2  3  4  5  6  7  8  9 10 11 |
---------------+----------------------------------+-----
Maces & Flails | 4 5 6 7 9 10 12 13 | 13.0
Stealth        | 1 3 4 6 |  6.0
Fighting       | 3 4 5 7 9 |  9.5
Throwing       | |  2.0
Dodging        | |  2.6

Action                   |  1- 3 |  4- 6 |  7- 9 | 10-12 || total
-------------------------+-------+-------+-------+-------++-------
Melee: Flail             |    92 |    13 |       |    28 ||   133
       Unarmed           |     7 |       |       |       ||     7
       Whip              |       |   179 |   211 |   262 ||   652
 Fire: Hunting sling     |    12 |     5 |     4 |       ||    21
Throw: Throwing net      |       |     1 |     2 |       ||     3
       Dart              |       |       |    10 |       ||    10
Invok: Heroism           |       |       |       |     2 ||     2
 Abil: Dig               |       |       |       |     2 ||     2
Evoke: Wand              |       |     1 |     9 |    14 ||    24
  Use: Scroll            |       |     4 |     2 |     3 ||     9
       Potion            |       |       |       |     1 ||     1
 Stab: Sleeping          |       |     1 |       |     3 ||     4
       Distracted        |       |       |       |     1 ||     1
Armor: Leather armour    |    24 |    19 |       |       ||    43
       Scale mail        |       |    47 |    52 |    42 ||   141
       Swamp dragon scal |       |       |     6 |    24 ||    30
Dodge: Dodged            |    91 |   107 |    82 |    73 ||   353
Block: Other             |       |    11 |    34 |    34 ||    79
       Reflection        |       |     1 |       |     1 ||     2

Table legend: (Time is in decaauts)
 A = Elapsed time spent in this place.
 B = Non-inter-level travel time spent in this place.
 C = Inter-level travel time spent in this place.
 D = Time resting spent in this place.
 E = Time spent auto-exploring this place.
 F = Levels seen in this place.
 G = Mean time per level.
                   A        B        C        D        E       F      G
               +--------+--------+--------+--------+--------+-----+--------+
         Total |  11674 |  11121 |    553 |   2011 |   6893 |  11 | 1061.3 |
       Dungeon |  11349 |  10830 |    519 |   2011 |   6720 |   9 | 1261.0 |
        Temple |    125 |     91 |     34 |      0 |     78 |   1 |  125.0 |
       Ossuary |    199 |    199 |      0 |      0 |     95 |   1 |  199.0 |
               +--------+--------+--------+--------+--------+-----+--------+

Top non-repeatable levels by time:
     D:4: 1716 daAuts
     D:3: 1686 daAuts
     D:1: 1446 daAuts
     D:2: 1401 daAuts
     D:6: 1346 daAuts
     D:8: 1145 daAuts
     D:5: 1119 daAuts
     D:7: 1102 daAuts
     D:9: 385 daAuts
 Ossuary: 199 daAuts
  Temple: 125 daAuts
